 Dungeon Crawl Stone Soup version 0.24.0-125-gc4c63601f3 (webtiles) character file.

Game seed: 1802660489247108247, levelgen mode: deterministic

44 LraC the Vandal (level 3, -2/24 HPs)
             Began as a Halfling Hunter on Mar 10, 2020.
             Slain by Sigmund
             ... wielding a +0 scythe
              (7 damage)
             ... on level 2 of the Dungeon.
             The game lasted 00:10:57 (1573 turns).

LraC the Vandal (Halfling Hunter)                   Turns: 1573, Time: 00:10:58

Health: -2/24      AC:  3    Str: 11 (13) XL:     3   Next: 85%
Magic:  3/3        EV: 14    Int:  9 (10) God:
Gold:   83         SH:  0    Dex: 14      Spells: 2/2 levels left

rFire    . . .     SeeInvis .   l - +2 dagger (venom)
rCold    . . .     Gourm    .   (shield restricted)
rNeg     . . .     Faith    .   k - -1 leather armour (curse)
rPois    .         Spirit   .   j - +0 helmet
rElec    .         Reflect  .   (no cloak)
rCorr    .         Harm     .   (no gloves)
MR       .....                  (no boots)
Stlth    ++........             (no amulet)
HPRegen  0.08/turn              (no ring)
MPRegen  0.08/turn              (no ring)

@: marked
A: small, mutation resistance 1
a: no special abilities


You were on level 2 of the Dungeon.
You were not hungry.

You visited 1 branch of the dungeon, and saw 2 of its levels.

You collected 83 gold pieces.

Inventory:

Hand Weapons
 a - a +1 hunting sling
 l - a +2 dagger of venom (weapon)
 n - a +0 dagger of distortion
Missiles
 d - 11 sling bullets
 g - 94 stones (quivered)
 i - 28 bolts
 m - 18 poisoned darts
Armour
 b - a +0 leather armour of cold resistance
 e - a +0 leather armour
 j - a +0 helmet (worn)
 k - a cursed -1 leather armour (worn)
Scrolls
 c - 2 scrolls of amnesia
Potions
 h - a potion of magic
Comestibles
 f - 2 rations


   Skills:
 + Level 2.0 Fighting
 + Level 7.2 Slings
 + Level 0.4 Armour
 + Level 2.3 Dodging
 + Level 1.2 Stealth


You had 2 spell levels left.
You didn't know any spells.
Your spell library was empty.

Dungeon Overview and Level Annotations

Branches:
Dungeon (2/15)

Altars:
Xom

Annotations:
D:2 Sigmund, Terence


Innate Abilities, Weirdness & Mutations

You are small and have problems with some larger weapons.
You are somewhat resistant to further mutation.


Message History

The leopard gecko is almost dead.
The leopard gecko closely misses you.
You closely miss the frilled lizard. The leopard gecko barely misses you.
The frilled lizard misses you.
The leopard gecko completely misses you.
You hit the frilled lizard.
You kill the frilled lizard!
Terence the Incautious comes into view.
He is wielding a +0 flail and wearing a +0 scale mail of positive energy.
The leopard gecko closely misses you.
You barely miss the leopard gecko.
The leopard gecko is almost dead.
You kill the leopard gecko!
You feel your dexterity returning.
You enter the shallow water.
Moving in this stuff is going to be slow.
Sigmund the Dreaded comes into view.
He is wielding a +0 scythe and wearing a +1 robe of magic resistance.
Sigmund says, "Your kind have come here before.
I understand now why.
You desire death..."
Sigmund moves out of view.
Sigmund hits you from afar with a +0 scythe!
You die...

.### ####.##.### ....
##....##.### ... g..#
##.###....... ...
###.### ##.## ##.#.###
.... ##(....#####.##
##.#.##
.....##_≈.#♣__##..†#
#.##.+
.(...##^._.^.._#@#.##
##.#.##
......♣#((_≈♣##..##.##
##.#.###
#(....#..@#####.###.####
##.≈≈.@_≈## ##...##
##...#.## ##.## ###.###
#.# #g.. #.# .(..# #.#
###.## #.# .# #.# #..
...


You could see Sigmund and Terence.

Vanquished Creatures
  An adder (D:2)
  A dart slug (D:2)
  A leopard gecko (D:2)
  4 goblins (D:1)
  6 hobgoblins
  2 ball pythons
  5 bats
  3 frilled lizards
  6 kobolds (D:1)
  3 rats (D:1)
32 creatures vanquished.

Notes
Turn   | Place    | Note
-------+----------+-------------------------------------------
     0 | D:1      | LraC the Halfling Hunter began the quest for the Orb.
     0 | D:1      | Reached XP level 1. HP: 14/14 MP: 1/1
    27 | D:1      | Reached skill level 6 in Slings
    41 | D:1      | Reached XP level 2. HP: 19/19 MP: 2/2
   527 | D:1      | Reached XP level 3. HP: 24/24 MP: 3/3
  1252 | D:2      | Reached skill level 7 in Slings
  1521 | D:2      | Found a shimmering altar of Xom.
  1530 | D:2      | Found a shimmering altar of Xom.
  1530 | D:2      | Found a shimmering altar of Xom.
  1530 | D:2      | Found a shimmering altar of Xom.
  1530 | D:2      | Found a shimmering altar of Xom.
  1532 | D:2      | Found a shimmering altar of Xom.
  1532 | D:2      | Found a shimmering altar of Xom.
  1545 | D:2      | Noticed Natasha
  1568 | D:2      | Noticed Terence
  1571 | D:2      | Noticed Sigmund
  1573 | D:2      | Slain by Sigmund

Levels and vault maps discovered:
D:1:      psy_arrival_conway, layout_loops_corners
D:2:      layout_loops_corners, minmay_misc_feat_diagonals, xom_redecorated,
          uniq_natasha, uniq_terence, uniq_sigmund

Skill      XL: |  1  2  3 |
---------------+----------+-----
Slings         | 6 7 |  7.2
Fighting       | 2 |  2.0
Armour         | |  0.4
Dodging        | |  2.3
Stealth        | |  1.2

Action                   || total
-------------------------++-------
Melee: Dagger            ||     6
 Fire: Hunting sling     ||    87
  Use: Scroll            ||     4
       Potion            ||     4
  Eat: Ration            ||     1
Armor: Leather armour    ||     9
Dodge: Dodged            ||    48
